 Dungeon Crawl Stone Soup version 0.31-a0-1589-g8f5e8aebd6 (webtiles) character file.

Game seed: 13382250634639879441

33 Laraso the Sneak (level 3, -4/26 (30) HPs)
             Began as an Armataur Delver on Jan 6, 2024.
             Slain by a gnoll bouda
             ... wielding a +0 whip
              (12 damage)
             ... on level 5 of the Dungeon.
             The game lasted 00:00:59 (188 turns).

Laraso the Sneak (Armataur Delver)                   Turns: 188, Time: 00:01:00

HP:   -4/26 (30)    AC:  4    Str: 17    XL:     3   Next: 12%
MP:   3/3           EV:  9    Int: 12    God:
Gold: 5             SH:  0    Dex: 11    Spells: 2/2 levels left

rFire   . . .        a - +0 mace
rCold   . . .        (no shield)
rNeg    . . .        b - +0 leather armour
rPois   .            (no helmet)
rElec   .            (no cloak)
rCorr   .            (no gloves)
SInv    .            (no barding)
Will    .....        (no amulet)
Stlth   +++          (no ring)
HPRegen 0.24/turn    (no ring)
MPRegen 0.41/turn

%: roll
@: heavily drained
A: large, deformed body, tough skin 3, armoured tail, roll 1
a: no special abilities


You were on level 5 of the Dungeon.
You visited 1 branch of the dungeon, and saw 2 of its levels.

You collected 5 gold pieces.

Inventory:

Hand Weapons
 a - a +0 mace (weapon)
Missiles
 f - 2 curare-tipped darts
Armour
 b - a +0 leather armour (worn)
Wands
 g - a wand of digging (3)
 i - a wand of mindburst (13)
Scrolls
 d - a scroll of revelation
 e - a scroll of identify


   Skills:
 - Level 2.6 Fighting
 * Level 3.3 Maces & Flails
 - Level 1.3 Dodging
 - Level 5.4 Stealth


You had 2 spell levels left.
You didn't know any spells.
Your spell library contained the following spells:

 Spells                   Type           Power      Damage    Failure   Level
 Slow                     Hex            0%         N/A       38%         1
 Confusing Touch          Hex            0%         N/A       77%         3
 Sigil of Binding         Hex            0%         N/A       77%         3
 Vampiric Draining        Necr           0%         2d6       77%         3


Dungeon Overview and Level Annotations

Branches:
Dungeon (6/15)
 Temple: D:4-7

Altars:


Innate Abilities, Weirdness & Mutations

Armour fits poorly on your strangely shaped body.
You have extremely tough skin. (AC +3)
You have a long armoured tail.
You regenerate magic when rolling toward enemies. (Rampage MPRegen)


Message History

You have reached level 3!
Your experience leads to an increase in your attributes!
Increase (S)trength, (I)ntelligence, or (D)exterity?
You feel clever. x2
You start resting.
You feel yourself slow down.
You start resting.
A centaur is nearby!
You start resting.
HP restored.
A gnoll bouda and a gnoll come into view.
Found 4 stones. 2 gnolls come into view.
A gnoll is wielding a +2 whip of draining.
The gnoll bouda barks out a call to the hunt!
You hear a shout!
As you read the scroll labelled IQYURO VYIDEN, it crumbles to dust.
It is a scroll of identify.
You don't currently have any unidentified items.
The gnoll shouts!
The gnoll bouda hits you with a +0 whip.
The gnoll bouda barks out a call to the hunt!
The gnoll picks up the pace!
The gnoll is no longer moving quickly.
The gnoll attacks as it pursues you!
The gnoll hits you with a +2 whip of draining.
You feel drained.
As you read the scroll of fog, it dissolves into smoke.
The gnoll hits you with a +2 whip of draining.
You feel drained.
Unknown command.
You aren't carrying any potions.
You barely miss the gnoll.
The gnoll bouda barks out a call to the hunt!
The gnoll picks up the pace!
You roll towards the gnoll bouda!
You hit the gnoll bouda.
The gnoll bouda is moderately wounded.
The gnoll hits you with a +2 whip of draining!
You feel drained. The gnoll closely misses you.
The gnoll bouda hits you with a +0 whip!
You die...

....## ...#.
#...##########
......####....###.###
#........ #.....#
##......## ###..##
.........### ##g.#
..#.......###...###
#.....#...§g§...########
#........##g#.#........#
#c.........##@#..........#
######..#..#g§#####......#
##..#.§§§§...#......#
##...§§§§...########
##.........# #.........#
##........# #...>....## ##
##c#.......#


You could see a gnoll bouda and 2 gnolls.

Vanquished Creatures
  An iguana (D:5)
  A shadow imp (D:5)
2 creatures vanquished.

Notes
Turn   | Place    | Note
-------+----------+-------------------------------------------
     0 | D:5      | Laraso the Armataur Delver began the quest for the Orb.
     0 | D:5      | Reached XP level 1. HP: 18/18 MP: 1/1
    11 | D:5      | Noticed a centaur
    34 | D:6      | Noticed a hound
    35 | D:6      | Noticed an ogre
    36 | D:5      | Noticed an iguana
    50 | D:5      | Killed an iguana
    51 | D:5      | Reached XP level 2. HP: 21/25 MP: 2/2
    92 | D:5      | Reached XP level 3. HP: 12/30 MP: 3/3
   188 | D:5      | Slain by a gnoll bouda

Illustrated notes

Levels and vault maps discovered:
D:5:      layout_rooms, hellmonk_ghost_happy_afterlife,
          dreamdust_princess_bridge
D:6:      layout_rooms, evilmike_ruin_ashenzari,
          hangedman_abyss_or_decor_stagger, corexii_hall_statues_i

Skill      XL: |  1 |
---------------+----+-----
Maces & Flails | 3 |  3.3
Fighting       | |  2.6
Dodging        | |  1.3
Stealth        | |  5.4

Action                     || total
---------------------------++-------
  Melee: Mace              ||    22
         Tailslap          ||     1
    Use: Scroll            ||     4
         Potion            ||     1
 Armour: Leather armour    ||    13
  Dodge: Dodged            ||     9

Table legend: (Time is in decaauts)
 A = Elapsed time spent in this place.
 B = Non-inter-level travel time spent in this place.
 C = Inter-level travel time spent in this place.
 D = Time resting spent in this place.
 E = Time spent auto-exploring this place.
 F = Levels seen in this place.
 G = Mean time per level.
                   A        B        C        D        E       F      G
               +--------+--------+--------+--------+--------+-----+--------+
         Total |    175 |    175 |      0 |     57 |      8 |   2 |   87.5 |
       Dungeon |    175 |    175 |      0 |     57 |      8 |   2 |   87.5 |
               +--------+--------+--------+--------+--------+-----+--------+

Top non-repeatable levels by time:
     D:5: 158 daAuts
     D:6: 16 daAuts
